AoeStats
← ArchiDrum

Arena

509716106Analyzed
1v1 RM · 4d ago on Sep 27, 2026· 40m 7s· 2 players
Game mode
Random Map
Map size
Tiny (2 player)
Population
200
Speed
Normal
Resources
Standard
Victory
Conquest
Starting age
Dark Age
Ending age
Imperial Age
RankedLock teamsTeams togetherTeam positionsShared explorationLock speedFull tech treeHidden civsTurbo modeCheats
Victory
Defeat
🇯🇴 Malians · Jordan
987
+17
🇨🇿 Italians · Czechia
1014
-17
Prince Of The Darkness
10:36 Feudal Age
14:43 Castle Age
12:34 Double-Bit Axe
12:59 Horse Collar
13:47 Stone Mining
14:53 Loom
15:37 Bow Saw
15:57 Heavy Plow
19:10 Wheelbarrow
23:38 Hand Cart
25:41 Fletching
25:58 Gold Mining
29:23 Imperial Age
27:16 Tigui
27:20 Treadmill Crane
27:50 Masonry
28:15 Scale Mail Armor
28:25 Forging
28:48 Elite Skirmisher
29:26 Bodkin Arrow
29:32 Padded Archer Armor
30:30 Conscription
30:34 Thumb Ring
30:47 Chain Mail Armor
30:34 Squires
32:41 Leather Archer Armor
32:59 Plate Mail Armor
33:04 Iron Casting
33:01 Ballistics
33:11 Architecture
33:42 Chemistry
33:12 Elite Gbeto
35:23 Hoardings
35:46 Farimba
35:51 Cavalier
36:32 Husbandry
36:42 Bloodlines
38:15 Scale Barding Armor
39:15 Chain Barding Armor
38:54 Murder Holes
ArchiDrum
10:53 Feudal Age
12:07 Double-Bit Axe
13:03 Forging
13:08 Loom
16:16 Castle Age
14:50 Horse Collar
16:35 Stone Mining
18:54 Bow Saw
18:46 Heavy Plow
18:43 Gold Mining
19:37 Fletching
22:21 Fervor
24:46 Wheelbarrow
26:09 Hand Cart
26:37 Stone Shaft Mining
28:22 Town Watch
33:08 Imperial Age
31:27 Bodkin Arrow
31:33 Padded Archer Armor
31:34 Scale Mail Armor
31:45 Forging
32:23 Ballistics
32:14 Masonry
32:16 Fortified Wall
32:54 Squires
32:39 Arson
33:26 Masonry
37:05 Chain Mail Armor
38:58 Plate Mail Armor
39:06 Iron Casting
39:52 Architecture
40:23 Chemistry
Connection lost

Rejoining the realm…

Still unreachable

The connection could not be restored.

Session expired

The server has moved on; the page needs a fresh start.